 Dungeon Crawl Stone Soup version 0.28-a0-1510-gd0f6b136d3 (webtiles) character file.

Game seed: 16932277600313637437

35 comborobin the Sneak (level 3, -1/19 HPs)
             Began as a Vine Stalker Delver on Jan 15, 2022.
             Slain by a water moccasin zombie (3 damage)
             ... on level 5 of the Dungeon.
             The game lasted 00:00:19 (240 turns).

comborobin the Sneak (Vine Stalker Delver)           Turns: 240, Time: 00:00:20

Health: -1/19      AC:  3    Str: 14    XL:     3   Next: 35%
Magic:  0/4        EV: 11    Int: 10    God:
Gold:   9          SH:  0    Dex: 17    Spells: 2/2 levels left

rFire   . . .      SeeInvis .   a - +0 short sword
rCold   . . .      Faith    .   (no shield)
rNeg    . . .      Spirit   +   b - +0 leather armour
rPois   .          Reflect  .   (no helmet)
rElec   .          Harm     .   (no cloak)
rCorr   .          Rampage  .   (no gloves)
Will    .....                   (no boots)
Stlth   +++.......              (no amulet)
HPRegen 0.06/turn               (no ring)
MPRegen 0.09/turn               (no ring)

@: no status effects
A: fangs 2, magic shield, antimagic bite, no potion heal 2
a: no special abilities


You were on level 5 of the Dungeon.
You visited 1 branch of the dungeon, and saw 2 of its levels.

You collected 9 gold pieces.

Inventory:

Hand Weapons
 a - a +0 short sword (weapon)
Missiles
 h - a throwing net (quivered)
Armour
 b - a +0 leather armour (worn)
Wands
 g - a wand of digging (3)
Scrolls
 c - a scroll of fog
 d - a scroll of magic mapping
 e - a scroll of fear
 f - a scroll of identify {unknown}


   Skills:
 - Level 2.6 Fighting
 + Level 3.3 Short Blades
 - Level 1.5 Dodging
 - Level 6.0 Stealth


You had 2 spell levels left.
You didn't know any spells.
Your spell library was empty.

Dungeon Overview and Level Annotations

Branches:
Dungeon (6/15)
 Temple: D:4-7

Altars:


Innate Abilities, Weirdness & Mutations

You have extremely sharp teeth.
When hurt, damage is shared between your health and your magic reserves.
Your bite disrupts and absorbs the magic of your enemies.
Potions cannot restore your health.


Message History

You hit the water moccasin zombie. You punch the water moccasin zombie.
Your bite misses the water moccasin zombie.
The water moccasin zombie is moderately damaged.
The water moccasin zombie closely misses you.
You barely miss the water moccasin zombie.
You bite the water moccasin zombie, but do no damage.
The water moccasin zombie is moderately damaged.
The water moccasin zombie bites you.
You are too injured to fight recklessly!
You are too injured to fight recklessly!
You are too injured to fight recklessly!
You are too injured to fight recklessly!
You are too injured to fight recklessly!
You are too injured to fight recklessly!
You are too injured to fight recklessly!
You are too injured to fight recklessly!
You are too injured to fight recklessly!
You are too injured to fight recklessly!
You are too injured to fight recklessly!
You are too injured to fight recklessly!
You are too injured to fight recklessly!
A water moccasin zombie is nearby!
You closely miss the water moccasin zombie.
Your bite misses the water moccasin zombie.
The water moccasin zombie is moderately damaged.
The water moccasin zombie bites you!
* * * LOW HITPOINT WARNING * * *
You hit the water moccasin zombie.
The water moccasin zombie is moderately damaged.
The water moccasin zombie closely misses you.
You hit the water moccasin zombie.
Your bite misses the water moccasin zombie.
The water moccasin zombie is heavily damaged.
The water moccasin zombie barely misses you.
The water moccasin zombie bites you.
* * * LOW HITPOINT WARNING * * *
You barely miss the water moccasin zombie.
The water moccasin zombie is heavily damaged.
The water moccasin zombie bites you.
You die...

..# ... ..# ... ..#
.. ..###### ######.
.......# #.....#
.......# #.....+
.......# #.....#
.......# #.....#
.......# #....@#
.......# #....Z#
.......#####.....##+
.....†...............
##...................
#....................
#....................
#....................
#...................


You could see a water moccasin zombie.

Vanquished Creatures
  A hound (D:6)
  3 jackals (D:5)
4 creatures vanquished.

Notes
Turn   | Place    | Note
-------+----------+-------------------------------------------
     0 | D:5      | comborobin the Vine Stalker Delver began the quest for the
                  | Orb.
     0 | D:5      | Reached XP level 1. HP: 11/11 MP: 2/2
     1 | D:6      | Noticed a hound
     1 | D:6      | Noticed an ice beast
    10 | D:6      | Killed a hound
    11 | D:6      | Reached XP level 2. HP: 10/16 MP: 1/3
    11 | D:6      | Reached XP level 3. HP: 12/19 MP: 1/4
   240 | D:5      | Slain by a water moccasin zombie

Illustrated notes

Levels and vault maps discovered:
D:5:      layout_gridville, grunt_temple_overflow_open,
          minmay_temple_entry_large_hall, chequers_serial_rivers_small_b,
          hangedman_decor_clover_reticule
D:6:      lemuel_ratsnest, layout_basic, nzn_hepliaklqana_mist_gate,
          chequers_mini_garden, st_stairs_13, minmay_manual_monstrance,
          uniq_maggie

Skill      XL: |  1 |
---------------+----+-----
Short Blades   | 3 |  3.3
Fighting       | |  2.6
Dodging        | |  1.5
Stealth        | |  6.0

Action                   || total
-------------------------++-------
Melee: Short sword       ||    19
       Bite              ||     9
       Punch             ||     1
  Use: Potion            ||     1
 Stab: Sleeping          ||     1
Armor: Leather armour    ||     4
Dodge: Dodged            ||    12

Table legend: (Time is in decaauts)
 A = Elapsed time spent in this place.
 B = Non-inter-level travel time spent in this place.
 C = Inter-level travel time spent in this place.
 D = Time resting spent in this place.
 E = Time spent auto-exploring this place.
 F = Levels seen in this place.
 G = Mean time per level.
                   A        B        C        D        E       F      G
               +--------+--------+--------+--------+--------+-----+--------+
         Total |    221 |    221 |      0 |     24 |    159 |   2 |  110.5 |
       Dungeon |    221 |    221 |      0 |     24 |    159 |   2 |  110.5 |
               +--------+--------+--------+--------+--------+-----+--------+

Top non-repeatable levels by time:
     D:5: 209 daAuts
     D:6: 11 daAuts
